AoeStats
← giodi86

Black Forest

509857001Analyzed
2v2 RM · 2d ago on Sep 28, 2026· 56m 26s· 4 players
Game mode
Random Map
Map size
Medium (4 player)
Population
200
Speed
Normal
Resources
Standard
Victory
Conquest
Starting age
Dark Age
Ending age
Imperial Age
RankedLock teamsTeams togetherTeam positionsShared explorationLock speedFull tech treeHidden civsTurbo modeCheats
Victory
Defeat
🇬🇧 Franks · United Kingdom
665
+15
🇮🇹 Slavs · Italy
602
+17
🇭🇰 Franks · Hong Kong SAR China
640
-16
🇨🇭 Spanish · Switzerland
631
-16
crazycris271
0:33 Loom
16:11 Feudal Age
18:43 Wheelbarrow
18:03 Double-Bit Axe
18:34 Stone Mining
18:34 Gold Mining
23:31 Castle Age
23:46 Town Watch
24:24 Bow Saw
24:51 Caravan
26:11 Hand Cart
35:22 Imperial Age
33:55 Fortified Wall
36:00 Cavalier
36:41 Husbandry
37:25 Forging
37:20 Scale Barding Armor
37:06 Fletching
37:17 Padded Archer Armor
37:19 Scale Mail Armor
38:05 Town Patrol
37:29 Paladin
39:24 Iron Casting
39:07 Leather Archer Armor
39:00 Man-at-Arms
39:01 Pikeman
39:42 Squires
41:57 Blast Furnace
40:53 Bodkin Arrow
41:34 Chain Barding Armor
41:22 Chivalry
41:44 Conscription
41:26 Halberdier
43:06 Plate Barding Armor
44:25 Murder Holes
44:12 Treadmill Crane
44:43 Masonry
46:50 Hoardings
46:48 Long Swordsman
47:14 Gambesons
47:15 Arson
47:39 Ordonnance Companies
48:36 Two-Handed Swordsman
50:12 Architecture
49:48 Elite Throwing Axeman
51:57 Chain Mail Armor
55:54 Chemistry
55:01 Siege Engineers
giodi86
0:29 Loom
14:12 Feudal Age
15:09 Double-Bit Axe
15:26 Horse Collar
16:13 Town Watch
18:18 Wheelbarrow
25:47 Castle Age
26:36 Gold Mining
26:37 Stone Mining
27:05 Bow Saw
28:02 Heavy Plow
29:36 Fletching
31:14 Forging
32:18 Hand Cart
33:58 Fortified Wall
33:57 Detinets
34:26 Caravan
38:46 Imperial Age
37:22 Scale Barding Armor
37:33 Masonry
37:44 Ballistics
37:20 Murder Holes
39:17 Scale Mail Armor
39:17 Padded Archer Armor
38:52 Pikeman
39:33 Squires
38:56 Crossbowman
38:57 Elite Skirmisher
39:50 Bloodlines
39:41 Husbandry
39:02 Light Cavalry
40:25 Crop Rotation
41:13 Two-Man Saw
41:17 Bodkin Arrow
42:07 Gold Shaft Mining
42:46 Chemistry
42:11 Conscription
42:21 Halberdier
44:14 Iron Casting
44:25 Hoardings
46:10 Chain Barding Armor
45:27 Onager
46:15 Elite Boyar
49:11 Chain Mail Armor
49:14 Leather Archer Armor
51:03 Plate Barding Armor
49:58 Siege Onager
Vachacorne
0:55 Loom
14:51 Feudal Age
17:40 Double-Bit Axe
20:44 Castle Age
19:33 Horse Collar
20:12 Scale Barding Armor
20:21 Forging
20:53 Bloodlines
24:11 Wheelbarrow
24:21 Husbandry
25:45 Heavy Plow
25:57 Inquisition
26:13 Scale Mail Armor
26:54 Iron Casting
28:11 Ballistics
29:34 Hand Cart
29:29 Caravan
33:51 Imperial Age
31:32 Gold Mining
33:55 Chain Mail Armor
34:01 Chain Barding Armor
34:10 Caravan
35:47 Bow Saw
36:44 Chemistry
36:01 Redemption
36:07 Fervor
36:20 Sanctity
36:18 Block Printing
36:36 Illumination
36:53 Theocracy
36:53 Conscription
37:31 Fortified Wall
37:02 Cavalier
39:00 Elite Conquistador
40:55 Plate Mail Armor
41:27 Blast Furnace
41:04 Plate Barding Armor
41:16 Paladin
41:19 Light Cavalry
48:05 Two-Man Saw
46:36 Onager
47:17 Hussar
47:35 Pikeman
48:05 Gambesons
48:23 Squires
dzy395297342
0:47 Loom
12:28 Feudal Age
14:21 Wheelbarrow
15:02 Double-Bit Axe
16:06 Gold Mining
16:08 Stone Mining
19:17 Scale Barding Armor
19:26 Padded Archer Armor
19:30 Scale Mail Armor
23:19 Castle Age
24:11 Bow Saw
24:40 Gold Shaft Mining
24:56 Hand Cart
24:51 Light Cavalry
26:27 Husbandry
29:03 Chain Barding Armor
32:53 Leather Archer Armor
32:33 Fletching
38:32 Imperial Age
41:05 Plate Barding Armor
42:11 Cranequins
42:27 Heavy Scorpion
42:39 Elite Skirmisher
45:39 Onager
45:52 Heavy Mounted Crossbowman
55:14 Cavalier
Connection lost

Rejoining the realm…

Still unreachable

The connection could not be restored.

Session expired

The server has moved on; the page needs a fresh start.